 Dungeon Crawl Stone Soup version 0.31.0-1-g2c135a008e (webtiles) character file.

Game seed: 286237252614489884

111 James the Ruffian (level 4, 0/37 HPs)
             Began as a Barachi Shapeshifter on Jan 20, 2024.
             Was a Believer of Kikubaaqudgha.
             Slain by Grinder (3 damage)
             ... on level 3 of the Dungeon.
             The game lasted 00:06:51 (1902 turns).

James the Ruffian (Barachi Shapeshifter)            Turns: 1902, Time: 00:06:52

Health: 0/37       AC:  6    Str: 17    XL:     4   Next: 92%
Magic:  4/4        EV:  9    Int: 11    God:    Kikubaaqudgha [**....]
Gold:   84         SH:  3    Dex: 11    Spells: 3/3 levels left

rFire   . .          .
                       - Unarmed
rCold   . . .        C - +0 buckler
rNeg    . . .        l - +0 scale mail
rPois   .            (helmet currently unavailable)
rElec   .            (cloak currently unavailable)
rCorr   .            (gloves currently unavailable)
SInv    .            (boots currently unavailable)
Will    .....        (no amulet) Stlth
                     (no ring)
HPRegen 0.26/turn    (no ring)
MPRegen 0.09/turn

%: no passive effects
@: beast-form, slow
A: beast (slay +2), amphibious, slowness 1, strong legs 1, +LOS
a: Hop, Begin Untransformation, Renounce Religion, Unearth Wretches


You were on level 3 of the Dungeon.
You worshipped Kikubaaqudgha.
Kikubaaqudgha was pleased with you.
You were a hulking beast.
You visited 1 branch of the dungeon, and saw 3 of its levels.

You collected 84 gold pieces.

Inventory:

Hand Weapons
 f - a +0 dagger
   (You took it off a goblin on level 1 of the Dungeon)
 g - a +0 rapier
   (You found it on level 1 of the Dungeon)
 n - a +2 short sword of draining
   (You took it off a kobold on level 2 of the Dungeon)
 p - a +0 dagger of draining
   (You took it off a kobold on level 2 of the Dungeon)
 w - a +0 trident
   (You took it off an orc on level 2 of the Dungeon)
 B - a +0 arbalest
   (You found it on level 3 of the Dungeon)
Missiles
 e - 53 stones (quivered)
Armour
 a - a +0 animal skin
 l - a +0 scale mail (worn)
   (You found it on level 1 of the Dungeon)
 m - a +0 ring mail
   (You found it on level 2 of the Dungeon)
 q - a +0 robe
   (You found it on level 2 of the Dungeon)
 s - a +0 robe
   (You found it on level 2 of the Dungeon)
 u - a +0 robe
   (You took it off an orc wizard on level 2 of the Dungeon)
 v - a +0 chain mail
   (You found it on level 2 of the Dungeon)
 y - a +0 robe
   (You found it on level 3 of the Dungeon)
 z - a +0 leather armour
   (You took it off an orc on level 3 of the Dungeon)
 C - a +0 buckler (worn)
   (You found it on level 3 of the Dungeon)
Magical Staves
 r - a staff of death
   (You found it on level 2 of the Dungeon)
Jewellery
 x - a ring of fire
   (You found it on level 3 of the Dungeon)
Talismans
 c - a beast talisman
 d - a flux talisman
Scrolls
 h - a scroll of identify {unknown}
 i - 2 scrolls of amnesia {unknown}
 j - a scroll of revelation {unknown}
 o - a scroll of immolation {unknown}
 A - a scroll of teleportation {unknown}
Potions
 b - a potion of lignification {!q}
 k - a potion of curing {unknown}
 t - a potion of brilliance {unknown}


   Skills:
 - Level 4.0 Fighting
 - Level 2.1 Dodging
 + Level 4.1 Unarmed Combat
 - Level 4.0 Shapeshifting


You had 3 spell levels left.
You didn't know any spells.
Your spell library contained the following spells:

 Spells                   Type           Power      Damage    Failure   Level
 Necrotise                Necr           0%         1d4       86%         1
 Sublimation of Blood     Necr           0%         N/A       95%         2
 Fugue of the Fallen      Necr           0%         N/A       99%         3
 Vampiric Draining        Necr           0%         2d6       99%         3


Dungeon Overview and Level Annotations

Branches:
Dungeon (3/15)

Altars:
Kikubaaqudgha

Annotations:
D:3 Grinder


Innate Abilities, Weirdness & Mutations

You are a hulking beast.
Your limbs bulge with bestial killing power. (Slay +2)
You are amphibious.
You cover ground slowly.
You can hop short distances.
You have an extended range of vision and can be seen from far away.


Message History

Your attack delay is about 0.9.
Your damage rating with unarmed combat is about 10 (Base [3 + 4 (UC)] x 117% (Str) x 106% (Fight) + 2 (Slay)).
There is a stone staircase leading down here.
You climb downwards.
There is a stone staircase leading up here.
Grinder comes into view.
Okay, then.
Unknown command.
Unknown command.
You punch Grinder! Grinder hits you.
You writhe in agony.
Unknown command.
Okay, then.
Unknown command.
You hit Grinder. You block Grinder's attack.
You hit Grinder but do no damage. Grinder hits you.
You writhe in agony.
You closely miss Grinder. Grinder barely misses you.
You hit Grinder. Grinder gestures at you.
You barely resist. You closely miss Grinder. Grinder gestures at you.
You suddenly lose the ability to move!
Grinder hits you.
You writhe in agony.
* * * LOW HITPOINT WARNING * * *
You can move again.
You closely miss Grinder. Grinder hits you but does no damage.
You closely miss Grinder. Grinder completely misses you.
A bat comes into view.
You hit Grinder. Grinder hits you but does no damage.
You punch Grinder! Grinder hits you.
* * * LOW HITPOINT WARNING * * *
You writhe in agony.
* * * LOW HITPOINT WARNING * * *
You hit Grinder. Grinder gestures at you.
You suddenly lose the ability to move!
Grinder hits you but does no damage. Grinder gestures at you.
You shrug off the repeated paralysis!
Grinder hits you.
* * * LOW HITPOINT WARNING * * *
You writhe in agony.
* * * LOW HITPOINT WARNING * * *
You can move again.
You hit Grinder. Grinder hits you.
* * * LOW HITPOINT WARNING * * *
You writhe in agony.
You die...
Grinder says, "Hey, I wasn't done torturing you yet!"
Kikubaaqudgha rasps: "You have failed me!
Welcome... death!"

#.###...##.###.##
#..#.#..###.#.##
#.......##...##
###.##.###.#.#
#.##.# #.#.#
#.##.# #.#.#####
..##.# #.#.....#
####.# #.#####.#
#.# #.# #h# #.#
#.# #5# #.# #.#
#b# #.# #.. ###


You could see Grinder and a bat.

Vanquished Creatures
  An orc wizard (D:2)
  2 adders (D:2)
  A ribbon worm (D:2)
  4 dart slugs
  3 orcs
  5 giant cockroaches
  A goblin (D:1)
  6 hobgoblins
  7 jackals (D:1)
  5 kobolds (D:2)
  4 quokkas
  2 ball pythons
  6 bats
  3 rats
  A spectral kobold (D:1)
51 creatures vanquished.

Notes
Turn   | Place    | Note
-------+----------+-------------------------------------------
     0 | D:1      | James the Barachi Shapeshifter began the quest for the Orb.
     0 | D:1      | Reached XP level 1. HP: 15/15 MP: 1/1
    75 | D:1      | Found a faded altar of an unknown god.
   102 | D:1      | Prayed at the altar of an unknown god.
   102 | D:1      | Became a worshipper of Kikubaaqudgha
   102 | D:1      | Reached * piety under Kikubaaqudgha
   102 | D:1      | Received a gift from Kikubaaqudgha
   133 | D:1      | Reached XP level 2. HP: 16/21 MP: 2/2
   466 | D:1      | Reached XP level 3. HP: 24/28 MP: 3/3
   556 | D:1      | Reached ** piety under Kikubaaqudgha
  1302 | D:2      | Reached XP level 4. HP: 34/37 MP: 4/4
  1884 | D:3      | Noticed Grinder
  1892 | D:3      | Paralysed by Grinder for 2 turns
  1898 | D:3      | Paralysed by Grinder for 4 turns
  1902 | D:3      | Slain by Grinder

Illustrated notes

Levels and vault maps discovered:
D:1:      roadster_arrival_rocket_small, layout_loops_ring,
          dreamdust_ecumenical_altar_drowned_temple, minmay_split_cup_small
D:2:      layout_loops_ring
D:3:      layout_loops_ring, chequers_serial_rivers_room_a, uniq_grinder,
          uniq_robin

Skill      XL: |  1  2  3  4 |
---------------+-------------+-----
Unarmed Combat | 4 |  4.1
Fighting       | 2 3 4 |  4.0
Shapeshifting  | 4 |  4.0
Dodging        | |  2.1

Action                     |  1- 3 |  4- 6 || total
---------------------------+-------+-------++-------
  Melee: Unarmed           |   120 |    48 ||   168
         Punch             |     3 |     1 ||     4
  Throw: Stone             |       |     4 ||     4
 Armour: Animal skin       |    48 |       ||    48
         Scale mail        |    19 |    35 ||    54
  Dodge: Dodged            |    69 |    12 ||    81
  Block: Buckler           |       |     1 ||     1
